 Dungeon Crawl Stone Soup version 0.30-a0-652-gcc886f7154 (webtiles) character file.

Game seed: 17165080591960973102

164 pokeman the Magician (level 5, -1/29 HPs)
             Began as a Deep Elf Hedge Wizard on Jan 18, 2023.
             Killed from afar by Duvessa (14 damage)
             ... with a bolt of dispelling energy
             ... on level 4 of the Dungeon.
             The game lasted 00:04:40 (3222 turns).

pokeman the Magician (Deep Elf Hedge Wizard)        Turns: 3222, Time: 00:04:41

Health: -1/29      AC:  3    Str: 10    XL:     5   Next: 21%
Magic:  11/15      EV: 13    Int: 21    God:
Gold:   222        SH:  0    Dex: 14    Spells: 8/16 levels left

rFire   . . .      SeeInvis +    k - +4 dagger "Juent" {vamp, rN+ Str+3}
rCold   . . .      Faith    .    (no shield)
rNeg    + . .      Spirit   .    b - +0 robe
rPois   .          Reflect  .    c - +0 hat
rElec   .          Harm     .    (no cloak)
rCorr   .          Rampage  .    (no gloves)
Will    .....                    n - +0 pair of boots
Stlth   ++                       (no amulet)
HPRegen 0.24/turn                s - ring of see invisible
MPRegen 0.14/turn                (no ring)

@: no status effects
A: no striking features
a: no special abilities


You were on level 4 of the Dungeon.
You visited 1 branch of the dungeon, and saw 4 of its levels.

You collected 222 gold pieces.

Inventory:

Hand Weapons
 a - the +1 flail "Huaclul" {pain, rPois rF- rCorr Dex+4}
   (You took it off a hobgoblin on level 2 of the Dungeon)

   Dex:       It affects your dexterity (+4).
   rF:        It makes you vulnerable to fire.
   rPois:     It protects you from poison.
   rCorr:     It protects you from acid and corrosion.
 k - the +4 dagger "Juent" (weapon) {vamp, rN+ Str+3}
   (You found it on level 2 of the Dungeon)

   Str:       It affects your strength (+3).
   rN:        It protects you from negative energy.
Armour
 b - a +0 robe (worn)
 c - a +0 hat (worn)
 n - a +0 pair of boots (worn)
Magical Staves
 i - a staff of death
 r - a staff of cold
Jewellery
 s - a ring of see invisible (left hand)
Scrolls
 e - 2 scrolls of identify {unknown}
 l - a scroll of fear {unknown}
 m - a scroll of butterflies {unknown}
 o - 2 scrolls of amnesia {unknown}
 q - 2 scrolls of enchant armour {unknown}
Potions
 d - 3 potions of magic
 f - a potion of invisibility {unknown}
 g - 2 potions of lignification {unknown}
 h - a potion of mutation {unknown}
 j - 6 potions of flight {unknown}
 p - 2 potions of might {unknown}


   Skills:
 - Level 1.0 Fighting
 - Level 1.0 Armour
 - Level 3.1 Dodging
 - Level 3.2 Stealth
 * Level 6.1 Spellcasting
 + Level 2.5 Conjurations
 - Level 1.1 Summonings
 + Level 0.1 Necromancy
 - Level 1.1 Translocations
 + Level 0.0 Ice Magic


You had 8 spell levels left.
You knew the following spells:

 Your Spells              Type           Power      Damage    Failure   Level
a - Magic Dart            Conj           68%        1d6       3%          1
b - Mephitic Cloud        Conj/Pois/Air  10%        N/A       21%         3
c - Call Imp              Summ           11%        N/A       10%         2
d - Blink                 Tloc           22%        N/A       10%         2

Your spell library contained the following spells:

 Spells                   Type           Power      Damage    Failure   Level
 Slow                     Hex            24%        N/A       10%         1
 Cigotuvi's Dreadful Rot  Necr/Pois/Air  12%        N/A       14%         2


Dungeon Overview and Level Annotations

Branches:
Dungeon (4/15)
 Temple: D:4-7

Altars:

Shops:
D:2 *   D:3 [

Annotations:
D:4 Duvessa, Grinder


Message History

Found a stone staircase leading down.
There is a stone staircase leading up here.
s - a ring of see invisible
s - a ring of see invisible (left hand)
o - 2 scrolls labelled VUNOEXZYMEA (gained 1)
A hobgoblin comes into view.
Casting: Call Imp (safe; 10% risk of failure)
Confirm with . or Enter, or press ? or * to list all spells.
Aiming: Magic Dart (safe; 3% risk of failure)
Press: ? - help, Shift-Dir - straight line, f - hobgoblin
Aim: a hobgoblin (100% to hit)
The magic dart hits the hobgoblin.
The hobgoblin is almost dead.
Duvessa, Sister of Dowan comes into view.
She is wielding a +0 rapier, wearing a +2 scale mail of poison resistance and carrying a wand of quicksilver (5).
Casting: Magic Dart (safe; 3% risk of failure)
Confirm with . or Enter, or press ? or * to list all spells.
Aiming: Magic Dart (safe; 3% risk of failure)
Press: ? - help, Shift-Dir - straight line, f/p - hobgoblin
Aim: a hobgoblin (almost dead, 100% to hit)
The magic dart hits the hobgoblin but does no damage.
The hobgoblin is almost dead.
Duvessa shouts!
Duvessa zaps a wand.
The bolt of dispelling energy hits you!
Ouch! That really hurt!
Casting: Magic Dart (safe; 3% risk of failure)
Confirm with . or Enter, or press ? or * to list all spells.
Aiming: Magic Dart (safe; 3% risk of failure)
Press: ? - help, Shift-Dir - straight line, f/p - hobgoblin
Aim: a hobgoblin (almost dead, 100% to hit)
The magic dart hits the hobgoblin.
You kill the hobgoblin!
Casting: Magic Dart (safe; 3% risk of failure)
Confirm with . or Enter, or press ? or * to list all spells.
Aiming: Magic Dart (safe; 3% risk of failure)
Press: ? - help, Shift-Dir - straight line, f - Duvessa
Aim: Duvessa, wielding a +0 rapier, wearing a +2 scale mail of poison resistance and carrying a wand of quicksilver (4) (100% to hit)
The magic dart hits Duvessa but does no damage.
An orc comes into view. It is wielding a +0 short sword.
Duvessa zaps a wand.
The bolt of dispelling energy hits you!
You die...

#....##..........
#......<.........
########....##..
#....# ..
#....##....
######..........
.........##>....
.........##.....
......#.@.......
......#.........
..............##
................
###.†.........?.
.......###.....
......e .....
..o.... .....


You could see Duvessa and an orc (wandering).

Vanquished Creatures
  A phantom (D:4)
  3 adders
  3 dart slugs
  An orc (D:4)
  5 bats
  5 endoplasms
  2 giant cockroaches
  5 goblins
  2 hobgoblins
  4 jackals (D:2)
  3 kobolds
  3 quokkas
  8 ball pythons
  4 frilled lizards
  5 rats
54 creatures vanquished.

Vanquished Creatures (collateral kills)
  A kobold (D:2)
1 creature vanquished.

Grand Total: 55 creatures vanquished

Notes
Turn   | Place    | Note
-------+----------+-------------------------------------------
     0 | D:1      | pokeman the Deep Elf Hedge Wizard began the quest for the
                  | Orb.
     0 | D:1      | Reached XP level 1. HP: 10/10 MP: 7/7
   277 | D:1      | Reached XP level 2. HP: 16/16 MP: 4/9
  1355 | D:2      | Reached skill level 5 in Spellcasting
  1385 | D:2      | Reached XP level 3. HP: 20/20 MP: 5/11
  1389 | D:2      | Learned a level 3 spell: Mephitic Cloud
  1392 | D:2      | Learned a level 2 spell: Call Imp
  1395 | D:2      | Learned a level 2 spell: Blink
  1697 | D:2      | Reached skill level 1 in Fighting
  1775 | D:2      | Reached skill level 1 in Armour
  1993 | D:2      | Identified the +4 dagger "Juent" {vamp, rN+ Str+3}
  2043 | D:2      | Identified the +1 flail "Huaclul" {pain, rPois rF- rCorr
                  | Dex+4}
  2221 | D:2      | Found Vukkoqyru's Assorted Antiques.
  2394 | D:3      | Reached XP level 4. HP: 25/25 MP: 11/13
  2433 | D:3      | Found a faded altar of an unknown god.
  2808 | D:3      | Found Ytobre's Antique Armour Boutique.
  3058 | D:4      | Noticed a phantom
  3070 | D:4      | Killed a phantom
  3071 | D:4      | Reached skill level 6 in Spellcasting
  3071 | D:4      | Reached XP level 5. HP: 15/29 MP: 5/15
  3142 | D:4      | Noticed Grinder
  3219 | D:4      | Noticed Duvessa
  3222 | D:4      | Killed from afar by Duvessa

Illustrated notes

Levels and vault maps discovered:
D:1:      minmay_arrival_jagged, layout_loops_cross, roderic_roman_lattice
D:2:      layout_rooms, serial_shops, shop_statue, minmay_split_cup_small
D:3:      layout_basic, shapermc_ecumenical_altar_totnotflames, serial_shops,
          shop
D:4:      layout_basic, zin_purify, marbit_many_paths,
          minmay_misc_feat_more_columns, uniq_grinder, uniq_duvessa, uniq_edmund

Skill      XL: |  1  2  3  4 |
---------------+-------------+-----
Spellcasting   | 5 6 |  6.1
Fighting       | 1 |  1.0
Armour         | 1 |  1.0
Conjurations   | 2 |  2.5
Dodging        | 3 |  3.1
Stealth        | 3 |  3.2
Summonings     | |  1.1
Necromancy     | |  0.1
Translocations | |  1.1

Action                   |  1- 3 |  4- 6 || total
-------------------------+-------+-------++-------
Melee: Dagger            |    10 |       ||    10
 Cast: Magic Dart        |   106 |    44 ||   150
       Call Imp          |     1 |     1 ||     2
 Stab: Sleeping          |     1 |       ||     1
Armor: Robe              |     6 |     2 ||     8
Dodge: Dodged            |    38 |     4 ||    42

Table legend: (Time is in decaauts)
 A = Elapsed time spent in this place.
 B = Non-inter-level travel time spent in this place.
 C = Inter-level travel time spent in this place.
 D = Time resting spent in this place.
 E = Time spent auto-exploring this place.
 F = Levels seen in this place.
 G = Mean time per level.
                   A        B        C        D        E       F      G
               +--------+--------+--------+--------+--------+-----+--------+
         Total |   3220 |   3051 |    169 |     15 |   2685 |   4 |  805.0 |
       Dungeon |   3220 |   3051 |    169 |     15 |   2685 |   4 |  805.0 |
               +--------+--------+--------+--------+--------+-----+--------+

Top non-repeatable levels by time:
     D:1: 1351 daAuts
     D:2: 982 daAuts
     D:3: 749 daAuts
     D:4: 138 daAuts
